AoeStats
← BananaPortControl

Black Forest

510499077Analyzed
3v3 RM · 2d ago on Oct 1, 2026· 93m 4s· 6 players
Game mode
Random Map
Map size
Normal (6 player)
Population
200
Speed
Normal
Resources
Standard
Victory
Conquest
Starting age
Dark Age
Ending age
Imperial Age
RankedLock teamsTeams togetherTeam positionsShared explorationLock speedFull tech treeHidden civsTurbo modeCheats
Victory
Defeat
🇫🇷 Persians · France
1042
+8
🇹🇷 Italians · Türkiye
1012
+9
🇻🇳 Khmer · Vietnam
971
+11
🇬🇧 Britons · United Kingdom
885
-10
🇬🇧 Danes · United Kingdom
882
-10
🇬🇧 Bohemians · United Kingdom
810
-8
kyokiroto
1:00 Loom
12:05 Feudal Age
17:17 Castle Age
16:56 Fishing Lines
17:07 Double-Bit Axe
20:02 Bow Saw
26:28 Horse Collar
26:44 Gillnets
28:29 Heavy Plow
28:22 Gold Mining
28:23 Stone Mining
32:46 Imperial Age
30:55 Wheelbarrow
31:58 Ballistics
32:11 Hand Cart
33:18 Town Watch
33:41 Padded Archer Armor
33:47 Scale Barding Armor
33:52 Forging
33:06 Heavy Scorpion
34:20 Conscription
34:01 Double Crossbow
35:26 Crop Rotation
35:34 Gold Shaft Mining
35:35 Stone Shaft Mining
37:16 Town Patrol
38:13 Husbandry
38:24 Bloodlines
37:34 Light Cavalry
38:32 Leather Archer Armor
38:38 Chain Barding Armor
38:54 Iron Casting
39:26 Hussar
40:41 Ring Archer Armor
40:48 Plate Barding Armor
41:16 Chemistry
40:30 Masonry
40:16 Murder Holes
40:31 Fortified Wall
40:28 Siege Engineers
42:49 Blast Furnace
53:43 Architecture
53:05 Heated Shot
53:20 Caravan
67:46 Coinage
69:26 Banking
JasonEude
6:54 Loom
10:14 Feudal Age
15:30 Castle Age
27:52 Imperial Age
25:29 Gold Mining
25:35 Stone Mining
26:54 Wheelbarrow
27:10 Town Watch
27:43 Hand Cart
27:51 Hand Cart
27:50 Horse Collar
28:01 Double-Bit Axe
29:01 Gold Shaft Mining
29:06 Town Patrol
31:42 Murder Holes
32:11 Ballistics
32:52 Chemistry
31:42 Elite War Elephant
32:47 Conscription
32:46 Kamandaran
33:58 Forging
33:54 Scale Barding Armor
33:51 Padded Archer Armor
33:41 Fletching
34:35 Stone Shaft Mining
34:03 Heavy Plow
34:14 Bow Saw
33:32 Crossbowman
35:44 Thumb Ring
36:23 Iron Casting
36:43 Crop Rotation
37:18 Two-Man Saw
37:12 Chain Barding Armor
36:48 Bodkin Arrow
37:09 Leather Archer Armor
43:12 Blast Furnace
42:48 Plate Barding Armor
42:44 Ring Archer Armor
43:02 Elite Skirmisher
72:27 Cavalier
BananaPortControl
1:43 Loom
11:52 Feudal Age
17:37 Castle Age
15:38 Double-Bit Axe
22:07 Horse Collar
24:50 Heavy Plow
31:06 Imperial Age
29:49 Wheelbarrow
29:00 Town Watch
29:28 Gold Mining
29:28 Stone Mining
29:59 Forging
29:49 Scale Mail Armor
29:56 Scale Barding Armor
29:41 Fletching
29:51 Padded Archer Armor
30:10 Bow Saw
30:15 Pikeman
30:55 Squires
32:37 Iron Casting
32:17 Chain Mail Armor
33:19 Crop Rotation
33:52 Two-Man Saw
33:29 Ballistics
34:09 Chemistry
35:00 Elite Genoese Crossbowman
42:32 Blast Furnace
42:02 Plate Mail Armor
41:53 Chain Barding Armor
41:48 Leather Archer Armor
41:28 Bodkin Arrow
41:37 Elite Skirmisher
44:11 Pirotechnia
45:46 Stone Shaft Mining
49:06 Husbandry
49:16 Bloodlines
50:31 Light Cavalry
52:44 Plate Barding Armor
52:39 Ring Archer Armor
52:09 Bracer
51:32 Hussar
66:40 Capped Ram
68:38 Capped Ram
72:57 Hand Cart
72:43 Town Patrol
85:18 Caravan
85:49 Coinage
85:32 Guilds
FrostyF20
0:28 Loom
13:13 Feudal Age
14:05 Double-Bit Axe
14:03 Horse Collar
17:07 Wheelbarrow
21:19 Castle Age
22:45 Heavy Plow
22:58 Bow Saw
26:18 Hand Cart
31:04 Chemistry
30:25 Ballistics
30:57 Caravan
35:18 Imperial Age
32:59 Murder Holes
33:22 Masonry
32:41 Pikeman
34:14 Wagenburg Tactics
34:56 Squires
34:45 Arson
37:24 Two-Man Saw
37:21 Conscription
37:34 Siege Engineers
37:48 Houfnice
45:57 Elite Hussite Wagon
46:44 Halberdier
47:49 Forging
47:40 Scale Mail Armor
47:31 Fletching
51:59 Iron Casting
51:39 Chain Mail Armor
51:20 Bodkin Arrow
60:06 Plate Mail Armor
65:07 Blast Furnace
64:08 Bracer
raybae2000
0:31 Loom
12:58 Feudal Age
18:04 Castle Age
16:40 Double-Bit Axe
16:53 Gold Mining
16:51 Fishing Lines
17:00 Horse Collar
19:32 Bow Saw
20:13 Gold Shaft Mining
19:56 Heavy Plow
20:47 Gillnets
23:01 Wheelbarrow
26:35 Hand Cart
32:52 Imperial Age
31:22 Fletching
31:42 Forging
31:32 Scale Mail Armor
31:50 Town Watch
32:20 Masonry
32:30 Ballistics
32:08 Murder Holes
31:41 Hamask
32:45 Gambesons
32:21 Man-at-Arms
32:21 Pikeman
33:01 Squires
32:46 Arson
34:41 Chemistry
33:48 Bodkin Arrow
34:29 Iron Casting
34:10 Chain Mail Armor
34:53 Hoardings
34:39 Conscription
35:31 Siege Engineers
35:07 Elite Jomsviking
35:57 Long Swordsman
35:57 Halberdier
35:58 Elite Varangian Guard
36:45 Bracer
37:45 Blast Furnace
37:50 Two-Handed Swordsman
38:15 Onager
38:40 Northmen's Fury
40:50 Blast Furnace
40:20 Plate Mail Armor
39:15 Champion
44:14 Plate Mail Armor
44:26 Caravan
45:09 Siege Onager
53:34 Town Patrol
Rojeed
0:28 Loom
13:43 Feudal Age
14:17 Double-Bit Axe
19:55 Castle Age
18:55 Fishing Lines
23:20 Wheelbarrow
24:41 Hand Cart
24:25 Horse Collar
25:31 Bow Saw
25:49 Heavy Plow
26:42 Stone Mining
26:46 Gold Mining
27:11 Gillnets
30:24 Ballistics
29:56 Fletching
30:36 Bodkin Arrow
33:47 Imperial Age
33:17 Fortified Wall
33:24 Masonry
33:05 Guard Tower
33:48 Man-at-Arms
34:28 Squires
34:13 Gambesons
34:33 Bracer
34:33 Padded Archer Armor
34:56 Yeomen
35:00 Conscription
35:36 Elite Longbowman
36:30 Caravan
37:37 Chemistry
37:13 Guilds
36:35 Long Swordsman
38:00 Two-Handed Swordsman
38:02 Pikeman
39:01 Leather Archer Armor
38:56 Forging
38:47 Scale Mail Armor
39:26 Architecture
39:58 Warwolf
42:39 Halberdier
42:40 Champion
51:56 Siege Engineers
52:27 Keep
51:37 Arrowslits
51:49 Murder Holes
52:27 Ring Archer Armor
52:33 Iron Casting
52:13 Chain Mail Armor
65:48 Capped Ram
71:19 Onager
84:08 Light Cavalry
84:49 Husbandry
Connection lost

Rejoining the realm…

Still unreachable

The connection could not be restored.

Session expired

The server has moved on; the page needs a fresh start.